Map: Apotheosis LE

Players

HoneyBadger

  • Race: Terran Terran
  • League: Platinum

AustrianOak - Winner!

  • Race: Terran Terran
  • League: Platinum

VOD

Have the link to the VOD?

Description

Time

  • Played on: Sept. 2, 2016, 1:19 p.m.
  • Length: 11:39
Show
View Real Time Build Order
Export as new Build Order

HoneyBadger Terran 

Build Orders: MMM Bio 

Get SALT Encoding   

  12  0:00  SCV  
  13  0:13  SCV  
  14  0:18  Supply Depot  
  14  0:25  SCV  
  15  0:39  Refinery  
  15  0:40  SCV  
  16  0:45  Barracks  
  16  0:52  SCV  
  17  1:04  SCV  
  17  1:08  Barracks  
  18  1:16  SCV  
  19  1:28  SCV  
  20  1:34  Reaper  
  21  1:43  Orbital Command  
  21  1:56  Reaper  
  22  2:03  Supply Depot  
  22  2:07  Reaper  
  23  2:24  SCV  
  23  2:28  Command Center  
  24  2:36  SCV  
  25  2:44  Barracks Reactor, Barracks Tech Lab  
  25  2:52  Barracks  
  25  3:03  SCV  
  26  3:09  Marine  
  27  3:17  Refinery  
  27  3:22  Barracks  
  27  3:23  Barracks, Marine x2  
  29  3:28  Factory  
  29  3:34  Marine  
  29  3:41  Marine  
  30  4:00  Marine x3  
  30  4:01  Marine  
  33  4:03  SCV  
  33  4:06  Engineering Bay  
  34  4:10  Orbital Command  
  34  4:11  Barracks Reactor  
  34  4:12  Stimpack  
  34  4:15  SCV  
  35  4:27  Marine  
  35  4:28  Widow Mine, Marine x2  
  40  4:38  SCV x2  
  40  4:39  Supply Depot  
  42  4:46  Marine x2  
  42  4:47  Marine x3  
  42  4:49  Barracks Tech Lab  
  42  4:50  SCV  
  42  4:52  SCV  
  53  5:15  Barracks Reactor  
  53  5:16  Siege Tank, Starport  
  53  5:17  Barracks Reactor  
  53  5:19  SCV x2  
  53  5:20  Marine  
  55  5:23  Marine x2  
  57  5:31  Marine x2  
  57  5:35  SCV x2  
  60  5:45  Marine x2  
  62  5:58  Supply Depot  
  62  6:21  Supply Depot  
  62  6:30  Supply Depot  
  62  6:32  Combat Shields  
  62  6:39  Medivac, SCV x2  
  66  6:41  Marine x3  
  66  6:43  Marine  
  66  6:45  Supply Depot  
  70  6:50  Marine x2  
  72  6:55  Refinery  
  72  6:57  Refinery  
  72  6:58  Siege Tank  
  75  7:06  Marine x3  
  75  7:07  Marine  
  75  7:08  Marine  
  79  7:15  Supply Depot, Medivac  
  81  7:19  SCV x2  
  83  7:24  Marine x2  
  85  7:31  Engineering Bay  
  85  7:33  SCV x2  
  87  7:39  Marine x4  
  87  7:43  Siege Tank  
  94  7:46  Starport Reactor  
  94  7:59  Marine x5  
  94  8:01  SCV  
  94  8:02  Sensor Tower  
  100  8:06  Marine x2  
  102  8:16  Terran Infantry Weapons Level 1  
  102  8:17  Terran Infantry Armor Level 1  
  102  8:35  Supply Depot  
  102  8:56  SCV, Marine x6  
  102  8:57  Marine  
  105  9:08  SCV  
  98  9:10  Siege Tank  
  98  9:13  Medivac x2  
  98  9:14  Marine x6  
  98  9:15  Marine  
  102  9:32  Marine x6  
  102  9:33  Marine  
  73  9:49  Marine x5  
  75  10:21  Orbital Command  
  58  10:23  Marine x5  
  58  10:24  Marine  
  54  10:43  Marine x3  
  54  10:44  Marine x4  
  54  10:47  SCV  
  62  10:50  SCV  
  63  11:06  Marine x4  
  63  11:09  SCV  
  69  11:11  SCV  
Show
View Real Time Build Order
Export as new Build Order

AustrianOak Terran - Winner!

Build Orders: Reaper Expand, MMM Bio 

Get SALT Encoding   

  12  0:00  SCV  
  13  0:13  SCV  
  14  0:17  Supply Depot  
  14  0:25  SCV  
  15  0:39  SCV  
  15  0:40  Barracks  
  16  0:47  Refinery  
  16  0:51  SCV  
  17  1:03  SCV  
  18  1:15  SCV  
  19  1:27  Orbital Command  
  19  1:29  Reaper  
  20  1:49  Command Center  
  20  1:54  SCV  
  21  2:01  Reaper  
  21  2:05  Supply Depot  
  21  2:07  SCV  
  23  2:12  Refinery  
  23  2:24  Factory  
  23  2:26  SCV  
  24  2:38  SCV  
  24  2:44  Barracks Reactor  
  24  2:51  SCV  
  25  3:03  SCV  
  26  3:07  Orbital Command  
  26  3:11  Widow Mine  
  26  3:12  Starport  
  28  3:15  SCV  
  29  3:21  Marine  
  29  3:22  Marine  
  31  3:27  SCV  
  31  3:33  Supply Depot  
  31  3:34  SCV  
  33  3:39  SCV, Marine x2  
  35  3:46  SCV  
  35  3:50  Medivac  
  36  3:57  Marine x2  
  36  4:02  SCV x2  
  40  4:07  Factory Tech Lab  
  40  4:14  SCV  
  40  4:15  SCV, Marine x2  
  44  4:22  Barracks  
  44  4:28  Engineering Bay  
  44  4:31  Supply Depot  
  44  4:40  Marine x2  
  44  4:41  SCV x2  
  44  4:43  Starport Reactor  
  48  4:51  Barracks  
  48  4:53  SCV x2  
  48  4:55  Supply Depot  
  48  4:56  Command Center  
  48  4:58  Marine  
  51  5:05  Refinery, SCV x2  
  51  5:06  Refinery  
  53  5:12  Terran Infantry Weapons Level 1  
  53  5:16  Barracks Tech Lab  
  53  5:17  SCV  
  53  5:18  Siege Tank, SCV  
  58  5:31  SCV x2, Marine x2  
  62  5:41  Marine  
  64  5:43  Barracks Tech Lab  
  63  5:50  Siege Tank  
  63  5:52  Barracks  
  63  5:54  Marine x2  
  63  5:57  Missile Turret  
  60  6:04  Stimpack, Combat Shields  
  60  6:12  SCV x2  
  60  6:13  Orbital Command, Marine x2  
  60  6:14  Marine  
  65  6:19  Supply Depot, Medivac  
  65  6:20  Medivac  
  65  6:21  Barracks  
  69  6:27  Marine  
  69  6:31  Supply Depot  
  70  6:33  Marine x2  
  70  6:38  Marine  
  70  6:39  SCV x3  
  77  6:41  Barracks Reactor  
  77  6:46  Supply Depot  
  76  6:48  Supply Depot  
  76  6:51  Orbital Command, SCV  
  76  6:52  Medivac  
  79  6:58  Siege Tank  
  79  7:01  Medivac  
  84  7:04  Marine x2  
  84  7:05  Marauder  
  88  7:09  Barracks Reactor, Barracks  
  88  7:15  SCV x2  
  90  7:16  Supply Depot  
  90  7:17  SCV  
  90  7:21  Missile Turret  
  90  7:22  Medivac  
  93  7:23  Supply Depot  
  93  7:31  Siege Tank, Medivac  
  93  7:35  Marine x4  
  93  7:36  Marine x2  
  104  7:45  Marine x2  
  106  7:53  Marine x3  
  106  7:54  Marauder x2  
  113  7:58  Terran Infantry Armor Level 1  
  113  7:59  Supply Depot  
  113  8:00  Barracks, Medivac  
  113  8:03  Siege Tank, SCV, Marine  
  113  8:04  SCV, Marine x2  
  124  8:08  Refinery  
  124  8:11  Refinery  
  123  8:12  Marine  
  123  8:13  Marine x2  
  123  8:14  Barracks Reactor  
  126  8:25  Marine x2  
  126  8:26  Marauder x2  
  132  8:32  Engineering Bay  
  132  8:34  Armory  
  132  8:35  Supply Depot  
  132  8:39  Supply Depot  
  132  8:41  Marine x2  
  132  8:47  Marauder  
  136  8:49  Barracks Reactor  
  136  8:53  Marine x2  
  135  9:09  Marine x3  
  134  9:14  Marine x3  
  134  9:15  Marine  
  136  9:18  Viking x2  
  136  9:20  Marine  
  136  9:21  Siege Tank  
  144  9:27  Marine x2  
  144  9:29  Marine  
  145  9:32  Marine x3  
  145  9:37  Marine  
  145  9:38  Marine  
  143  9:43  Terran Vehicle Weapons Level 1  
  143  9:45  Marine x2  
  124  9:46  Supply Depot  
  124  9:47  Medivac  
  124  9:48  Medivac  
  124  9:50  Marine  
  129  10:00  Marine x3  
  129  10:03  Marine  
  129  10:06  Marine  
  134  10:08  Marine  
  135  10:16  Barracks  
  135  10:18  Marine x2  
  135  10:19  Barracks  
  131  10:23  Marine x2  
  131  10:24  Marine  
  131  10:25  Marine  
  126  10:35  Marine  
  126  10:36  Marauder  
  126  10:44  Command Center, Marine x5  
  131  10:52  Siege Tank, Medivac x2  
  138  10:59  Marine x3  
  138  11:00  Missile Turret  
  138  11:01  Marine  
  138  11:02  SCV  
  138  11:03  SCV x2  
  145  11:09  Marine x2  
  145  11:10  Marine x2  
  150  11:11  Barracks Reactor  
  150  11:13  Barracks Reactor  
  149  11:18  Marine  
  149  11:19  SCV, Marine x2  
  149  11:20  SCV x2  
Tags
 
Add a new tag
Caveats
  • Supply blocks, unpowered buildings, or Contaminate may cause inaccurate times.
  • Supply counts are checked every 10 seconds.